 Dungeon Crawl Stone Soup version 0.19.3-1-g3169bf9 (webtiles) character file.

73483 Queen the Minotaur Blade (level 15, -10/240 HPs)
             Began as a Minotaur Berserker on Jan 23, 2017.
             Was a High Priest of Trog.
             Mangled by Kloppie's ghost (24 damage)
             ... on level 2 of the Snake Pit.
             The game lasted 01:56:19 (24342 turns).

Queen the Minotaur Blade (Minotaur Berserker)      Turns: 24342, Time: 01:56:19

Health: -10/240    AC: 31    Str: 30    XL:     15   Next: 4%
Magic:  4/4        EV:  9    Int:  4    God:    Trog [*****.]
Gold:   2058       SH:  4    Dex: 20    Spells: 0 memorised, 14 levels left

rFire  . . .     SeeInvis .     h - +4 triple sword (antimagic)
rCold  . . .     Gourm    .     Y - +3 plate armour {MR+}
rNeg   . . .     Faith    .     (shield currently unavailable)
rPois  .         Spirit   .     i - +0 hat
rElec  .         Reflect  +     s - +2 cloak
rCorr  .         Harm     .     T - +1 pair of gloves {Str+3}
MR     +++++                    X - +2 pair of boots {Fly}
Stlth  ..........               N - +4 amulet of reflection
                                U - +4 ring of dexterity
                                b - ring of protection from magic

@: berserking, regenerating, drained, very quick
A: retaliatory headbutt, horns 2, icy blue scales 1, iridescent scales 1, robust
1, evolution 1
a: Berserk, Trog's Hand, Brothers in Arms, Burn Spellbooks, Renounce Religion,
Evoke Flight


You were on level 2 of the Snake Pit.
You worshipped Trog.
Trog was extremely pleased with you.
You were very hungry.

You visited 3 branches of the dungeon, and saw 19 of its levels.
You also visited: Sewer and Ice Cave.

You collected 2168 gold pieces.
You spent 110 gold pieces at shops.

Inventory:

Hand Weapons
 h - a +4 antimagic triple sword (weapon)
 I - a +3 antimagic great sword
Missiles
 a - 14 tomahawks
 F - 3 tomahawks of returning (quivered)
Armour
 i - a +0 hat (worn)
 s - a +2 cloak (worn)
 T - a +1 pair of gloves of strength (worn)
 X - a +2 pair of boots of flying (worn)
 Y - a +3 plate armour of magic resistance (worn)
Jewellery
 b - a ring of protection from magic (left hand)
 u - a +3 ring of intelligence
 D - a +2 ring of strength
 K - an uncursed ring of see invisible
 L - an uncursed ring of stealth
 N - a +4 amulet of reflection (around neck)
 Q - an uncursed ring of resist corrosion
 R - a +3 amulet of reflection
 U - a +4 ring of dexterity (right hand)
Scrolls
 g - 2 scrolls of enchant weapon
 k - 17 scrolls of remove curse
 l - 4 scrolls of fog
 n - 2 scrolls of blinking
 o - 5 scrolls of fear
 r - 4 scrolls of magic mapping
 z - 7 scrolls of recharging
 E - 4 scrolls of teleportation
 S - a scroll of brand weapon
 W - 3 scrolls of identify
Potions
 d - 5 potions of curing
 e - a potion of haste
 f - 3 potions of agility
 m - 3 potions of heal wounds
 q - 2 potions of cancellation
 t - a potion of berserk rage
 v - 6 potions of flight
 w - 5 potions of brilliance
 x - 2 potions of invisibility
 B - 2 potions of might
 Z - a potion of resistance
Comestibles
 c - 13 bread rations
 p - 3 slices of pizza
 A - 27 fruits
 C - 3 meat rations
 M - 2 royal jellies
 P - 3 beef jerkies


   Skills:
 + Level 16.9(15.6) Fighting
 * Level 21.9(20.4) Long Blades
 - Level 12.1(10.9) Armour
 - Level 2.1(1.2) Dodging


You had 14 spell levels left.
You didn't know any spells.

Dungeon Overview and Level Annotations

Branches:
Dungeon (11/15)            Temple (0/1) D:6            Lair (6/6) D:9
  Swamp (0/4) Lair:4        Snake (2/4) Lair:3        Slime (0/5) Lair:5
    Orc: D:9-12

Altars:
Cheibriados
Elyvilon
Fedhas
Gozag
Kikubaaqudgha
Makhleb
Nemelex Xobeh
Qazlal
Uskayaw
Zin
The Shining One

Shops:
D:8 ?

Portals:
Hell: Lair:6

Annotations:
D:9 exclusion: oklob plant
Snake:2 Kloppie's ghost, adept DrBe


Innate Abilities, Weirdness & Mutations

You reflexively headbutt those who attack you in melee.
You have a pair of horns on your head.
You are partially covered in icy blue scales. (AC +2)
You are partially covered in iridescent scales. (AC +2)
You are robust. (+10% HP)
You evolve.


Message History

* * * LOW HITPOINT WARNING * * *
x2 You chop Kloppie's ghost into pieces!!!
Your headbutt misses Kloppie's ghost.
Kloppie's ghost is heavily damaged.
You open Kloppie's ghost like a pillowcase!!!
Your headbutt misses Kloppie's ghost.
Kloppie's ghost is severely damaged.
Kloppie's ghost hits you!!
* * * LOW HITPOINT WARNING * * *
x2 You completely miss Kloppie's ghost.
Kloppie's ghost is severely damaged.
You completely miss Kloppie's ghost. Your headbutt misses Kloppie's ghost.
Kloppie's ghost is severely damaged.
Kloppie's ghost hits you but does no damage.
You closely miss Kloppie's ghost.
Kloppie's ghost is severely damaged.
You are too berserk!
You completely miss Kloppie's ghost. Your headbutt misses Kloppie's ghost.
Kloppie's ghost is severely damaged.
Kloppie's ghost hits you!!
You die...

....... ......( #...... #
..... .# #''###.#
#......# ###....# #W##.#
#@##.# #######.##.#
+.......##.# +..........#
######.....# #.###.# #
####.###.####.# +######
#.....##......#
..>....####.............#


You could see Kloppie's ghost.

Vanquished Creatures
  Asterion (Snake:1)
  Roxanne (Snake:1)
  The ghost of Naow the Bludgeoner, a journeyman OgBe of Trog (Lair:5)
  The ghost of Kloppie the Severer, a journeyman HaBe of Trog (Lair:5)
  The ghost of BoredOne the Quickloader, a journeyman CeHu of Trog (Lair:4)
  2 ice dragons (IceCv)
  6 hydras
  5 naga warriors (Snake:1)
  3 anacondas (Snake:1)
  2 catoblepae
  5 death yaks
  A naga sharpshooter (Snake:1)
  A shock serpent (Snake:1)
  A sixfirhy (Lair:6)
  The ghost of Naow the Anointer, a novice DECj of Sif Muna (D:8)
  4 naga ritualists (Snake:1)
  A hill giant (D:10)
  A wizard (Lair:6)
  5 mana vipers (Snake:1)
  An oklob plant (Lair:5)
  2 wolf spider zombies (D:10)
  4 salamanders (Snake:1)
  2 ice statues (IceCv)
  6 elephants (Lair:5)
  20 black mambas
  3 naga magi (Snake:1)
  An eye of devastation (Lair:5)
  A smoke demon (Lair:6)
  A torpor snail (Lair:6)
  3 orange demons (Lair:6)
  2 centaur skeletons (D:10)
  12 spiny frogs
  3 komodo dragons
  5 rime drakes
  3 ice devils (Lair:6)
  3 red devils (Lair:6)
  3 hellwings
  A polar bear (Lair:2)
  A hornet (D:10)
  5 blink frogs (Lair:1)
  4 dream sheep (Lair:6)
  A meliai zombie (D:10)
  8 hippogriffs
  2 wyverns (Lair:5)
  27 yaks
  2 fire elementals (Lair:5)
  4 fire bats (Lair:5)
  Grum (D:7)
  5 basilisks
  A hungry ghost (D:8)
  16 nagas
  10 water moccasins
  8 porcupines
  20 ice beasts
  Duvessa (D:5)
  5 orc warriors
  2 black bears
  An eye of draining (Lair:5)
  2 sky beasts
  A centaur (D:6)
  7 ogres
  A phantom (D:10)
  9 wolves
  18 crocodiles
  2 big kobolds (D:3)
  12 bullfrogs
  A wyvern zombie (D:10)
  Dowan (D:5)
  3 scorpions
  2 electric eels
  3 howler monkeys
  2 centaur zombies
  4 crimson imps
  A quasit (D:9)
  5 hounds
  3 jellies
  6 orc priests
  A bullfrog skeleton (D:6)
  3 iguanas
  Natasha (thrice) (D:3)
  12 orc wizards
  6 hell rats (Lair:6)
  4 worker ants
  2 killer bee zombies
  2 hound zombies
  A hound skeleton (D:10)
  2 worker ant zombies
  3 gnolls (D:5)
  A howler monkey skeleton (D:7)
  18 adders
  5 shadow imps
  3 oozes
  An adder skeleton (D:8)
  4 worms
  2 dart slugs
  8 leopard geckos
  36 orcs
  9 bats
  7 giant cockroaches
  5 goblins
  12 hobgoblins
  12 jackals
  6 quokkas
  4 ball pythons
  6 frilled lizards
  16 kobolds
  A leopard gecko skeleton (D:5)
  5 rats
  A butterfly (Lair:1)
  2 fungi
529 creatures vanquished.

Vanquished Creatures (others)
  19 fungi
  18 plants
  4 withered plants (D:10)
41 creatures vanquished.

Grand Total: 570 creatures vanquished

Notes
Turn   | Place    | Note
-------+----------+-------------------------------------------
     0 | D:1      | Queen the Minotaur Berserker began the quest for the Orb.
     0 | D:1      | Reached XP level 1. HP: 19/19 MP: 0/0
   178 | D:1      | Reached skill level 4 in Long Blades
   322 | D:1      | Reached XP level 2. HP: 26/26 MP: 1/1
   779 | D:1      | Reached skill level 5 in Long Blades
   815 | D:1      | Reached XP level 3. HP: 20/31 MP: 2/2
  1624 | D:2      | Reached skill level 6 in Long Blades
  1624 | D:2      | Reached XP level 4. HP: 39/39 MP: 3/3
  1733 | D:2      | Found an opulent altar of Gozag.
  1734 | D:2      | Found a stormy altar of Qazlal.
  1894 | D:3      | Reached ** piety under Trog
  2018 | D:3      | Noticed Natasha
  2028 | D:3      | Killed Natasha
  2056 | D:3      | Found a faded altar of an unknown god.
  2056 | D:3      | Found a faded altar of an unknown god.
  2064 | D:3      | Found a faded altar of an unknown god.
  2066 | D:3      | Found a faded altar of an unknown god.
  2067 | D:3      | Found a sparkling altar of Nemelex Xobeh.
  2075 | D:3      | Noticed Natasha
  2080 | D:3      | Killed Natasha
  2166 | D:3      | Reached XP level 5. HP: 45/45 MP: 4/4
  2227 | D:3      | Reached skill level 7 in Long Blades
  2364 | D:3      | Found a snail-covered altar of Cheibriados.
  2365 | D:3      | Noticed Natasha
  2377 | D:3      | Killed Natasha
  2412 | D:3      | Found a glowing drain.
  2466 | Sewer    | Entered a sewer
  2976 | Sewer    | Reached *** piety under Trog
  3081 | Sewer    | Reached skill level 8 in Long Blades
  3466 | D:3      | Reached XP level 6. HP: 50/51 MP: 5/5
  3473 | D:3      | Reached skill level 9 in Long Blades
  3798 | D:4      | Reached XP level 7. HP: 57/57 MP: 6/6
  4014 | D:4      | Reached skill level 10 in Long Blades
  4107 | D:5      | Entered Level 5 of the Dungeon
  4466 | D:5      | Noticed Dowan
  4468 | D:5      | Noticed Duvessa
  4483 | D:5      | Killed Dowan
  4483 | D:5      | Reached skill level 11 in Long Blades
  4488 | D:5      | Killed Duvessa
  4493 | D:5      | Reached **** piety under Trog
  4496 | D:5      | Reached XP level 8. HP: 50/64 MP: 7/7
  4813 | D:5      | Reached skill level 12 in Long Blades
  5658 | D:6      | Reached skill level 13 in Long Blades
  6103 | D:6      | Reached XP level 9. HP: 60/70 MP: 8/8
  6180 | D:6      | Reached skill level 14 in Long Blades
  6187 | D:6      | Reached ***** piety under Trog
  6247 | D:6      | Found a staircase to the Ecumenical Temple.
  6539 | D:7      | Found a glowing silver altar of Zin.
  6542 | D:7      | Found a glowing golden altar of the Shining One.
  6543 | D:7      | Found a white marble altar of Elyvilon.
  6802 | D:7      | Found a hide-covered altar of Uskayaw.
  7015 | D:7      | Reached skill level 15 in Long Blades
  7214 | D:7      | Gained mutation: You evolve. [potion of beneficial mutation]
  7504 | D:8      | Noticed Grum
  7504 | D:8      | Noticed Naow's ghost (novice DECj)
  7627 | D:7      | Killed Grum
  7627 | D:7      | Reached skill level 16 in Long Blades
  7677 | D:8      | Killed Naow's ghost
  7677 | D:8      | Reached XP level 10. HP: 74/77 MP: 9/9
  8130 | D:8      | Found Sobre's Magic Scroll Shop.
  8146 | D:8      | Bought a scroll of identify for 22 gold pieces
  8146 | D:8      | Bought a scroll of identify for 22 gold pieces
  8146 | D:8      | Bought a scroll of identify for 22 gold pieces
  8146 | D:8      | Bought a scroll of identify for 22 gold pieces
  8146 | D:8      | Bought a scroll of identify for 22 gold pieces
  8321 | D:9      | Found an ancient bone altar of Kikubaaqudgha.
  8330 | D:9      | Received a gift from Trog
  8357 | D:9      | Found a blossoming altar of Fedhas.
  8372 | D:9      | Noticed an oklob plant
  8695 | D:9      | Found a staircase to the Lair.
  9162 | D:9      | Reached skill level 17 in Long Blades
  9259 | D:9      | Gained mutation: You are partially covered in iridescent scales. (AC +2) [evolution]
  9362 | D:10     | Entered Level 10 of the Dungeon
  9600 | D:10     | Noticed a hill giant
  9604 | D:10     | Killed a hill giant
  9805 | D:10     | Reached skill level 18 in Long Blades
  9973 | D:10     | Reached XP level 11. HP: 62/82 MP: 3/10
 10093 | D:10     | Reached skill level 19 in Long Blades
 10419 | D:11     | Noticed a death knight
 10518 | Lair:1   | Entered Level 1 of the Lair of Beasts
 10988 | Lair:1   | Received a gift from Trog
 11208 | Lair:1   | Reached skill level 20 in Long Blades
 11571 | Lair:1   | Gained mutation: You are robust. (+10% HP) [evolution]
 13375 | Lair:3   | Reached skill level 21 in Long Blades
 13417 | Lair:3   | Noticed a death yak
 13417 | Lair:3   | Noticed a death yak
 13417 | Lair:3   | Noticed a death yak
 13417 | Lair:3   | Noticed a death yak
 13447 | Lair:3   | Killed a death yak
 13447 | Lair:3   | Reached XP level 12. HP: 92/99 MP: 3/11
 13455 | Lair:3   | Killed a death yak
 13467 | Lair:3   | Killed a death yak
 13654 | Lair:3   | Killed a death yak
 13865 | Lair:3   | Found a staircase to the Snake Pit.
 14656 | Lair:4   | Identified 4 scrolls of acquirement
 15074 | Lair:4   | Found a staircase to the Swamp.
 15180 | Lair:4   | Noticed BoredOne's ghost (journeyman CeHu)
 15192 | Lair:4   | Killed BoredOne's ghost
 15192 | Lair:4   | Reached skill level 5 in Fighting
 15398 | Lair:4   | Noticed a catoblepas
 15419 | Lair:4   | Killed a catoblepas
 15424 | Lair:4   | Noticed a death yak
 15432 | Lair:4   | Killed a death yak
 15504 | Lair:4   | Reached skill level 5 in Armour
 15789 | Lair:5   | Noticed Naow's ghost (journeyman OgBe)
 15819 | Lair:5   | Killed Naow's ghost
 16528 | Lair:5   | Reached XP level 13. HP: 121/122 MP: 4/12
 16558 | Lair:5   | Noticed Kloppie's ghost (journeyman HaBe)
 16607 | Lair:5   | Killed Kloppie's ghost
 17003 | Lair:5   | Found a staircase to the Slime Pits.
 17101 | Lair:5   | Reached skill level 10 in Fighting
 17632 | Lair:6   | Entered Level 6 of the Lair of Beasts
 17633 | Lair:6   | Found a frozen archway.
 17642 | IceCv    | Entered an ice cave
 18392 | IceCv    | Got a shimmering jade amulet
 18398 | IceCv    | Identified the amulet of the Middle {Inacc rC+} (You found it in an ice cave)
 18738 | Lair:6   | Found a burning altar of Makhleb.
 19168 | Lair:6   | Found a gateway to Hell.
 19923 | Lair:6   | Reached XP level 14. HP: 132/143 MP: 4/13
 20036 | Lair:6   | Reached skill level 10 in Armour
 20949 | Snake:1  | Entered Level 1 of the Snake Pit
 20961 | Snake:1  | Noticed Roxanne
 21000 | Snake:1  | Received a gift from Trog
 21087 | Snake:1  | Gained mutation: You are partially covered in icy blue scales. (AC +2) [evolution]
 21299 | Snake:1  | Reached skill level 15 in Fighting
 22046 | Snake:1  | Noticed Asterion
 22064 | Snake:1  | Killed Asterion
 24064 | Snake:1  | Killed Roxanne
 24064 | Snake:1  | Reached XP level 15. HP: 116/160 MP: 4/14
 24065 | Snake:1  | Identified Roxanne's Disquisition on Earth (You took it off Roxanne on level 1 of the Snake Pit)
 24286 | Snake:2  | Noticed Kloppie's ghost (adept DrBe)
 24338 | Snake:2  | HP: 11/240 [Kloppie's ghost (3)]
 24342 | Snake:2  | Mangled by Kloppie's ghost

Skill      XL: |  1  2  3  4  5  6  7  8  9 10 11 12 13 14 |
---------------+-------------------------------------------+-----
Long Blades    | 4 5 6 8 9 11 13 16 18 21 | 21.9
Fighting       | 9 13 16 | 16.9
Armour         | 6 9 12 | 12.1
Dodging        | |  2.1

Action                   |  1- 3 |  4- 6 |  7- 9 | 10-12 | 13-15 || total
-------------------------+-------+-------+-------+-------+-------++-------
Melee: Falchion          |    64 |   171 |   231 |       |       ||   466
       Headbutt          |    14 |    27 |    97 |   169 |   227 ||   534
       Scimitar          |       |       |   168 |    35 |       ||   203
       Great sword       |       |       |       |   595 |   628 ||  1223
       Triple sword      |       |       |       |       |    42 ||    42
Throw: Tomahawk          |       |       |       |       |     1 ||     1
Invok: Berserk           |     1 |     2 |     6 |     9 |     8 ||    26
       Trog's Hand       |       |       |     3 |     9 |    10 ||    22
       Burn Spellbooks   |       |       |     1 |     1 |     2 ||     4
 Abil: Stop Flying       |       |       |       |     1 |       ||     1
  Use: Scroll            |       |    10 |     7 |    20 |    11 ||    48
       Potion            |       |       |     1 |     2 |     6 ||     9
 Stab: Petrified         |       |       |       |     3 |       ||     3
  Eat: Chunk             |     3 |     9 |    18 |    36 |     6 ||    72
       Beef jerky        |       |       |     1 |       |       ||     1
       Meat ration       |       |       |       |     1 |     5 ||     6
       Bread ration      |       |       |       |       |     1 ||     1
Armor: Animal skin       |     7 |       |       |       |       ||     7
       Chain mail        |       |   137 |    89 |       |       ||   226
       Plate armour      |       |       |    90 |   301 |   429 ||   820
Dodge: Dodged            |    48 |    78 |   107 |   141 |   208 ||   582
Block: Other             |       |       |       |    73 |    80 ||   153
       Reflection        |       |       |       |     2 |     1 ||     3
       Rpst.: Falchion   |    14 |    20 |    16 |       |       ||    50
       Scimitar          |       |       |    23 |       |       ||    23
       Great sword       |       |       |       |    37 |    46 ||    83
       Triple sword      |       |       |       |       |     2 ||     2
